 Dungeon Crawl Stone Soup version 0.17-a0-491-gbd49765 (webtiles) character file.

381 frag the Shield-Bearer (level 7, -2/53 HPs)
             Began as a Human Fighter on Apr 10, 2015.
             Slain by a phantom (5 damage)
             ... on level 3 of the Dungeon.
             The game lasted 00:20:37 (2491 turns).

frag the Shield-Bearer (Human Fighter)              Turns: 2491, Time: 00:20:38

Health: -2/53      AC: 10    Str: 18    XL:     7   Next: 5%
Magic:  7/7        EV:  8    Int:  9    God:
Gold:   89         SH:  9    Dex: 12    Spells: 0 memorised, 6 levels left

rFire  . . .     SeeInvis .     a - +0 long sword
rCold  . . .     Clarity  .     g - +2 scale mail {rPois}
rNeg   . . .     SustAb   .     c - +0 shield
rPois  +         Gourm    .     (no helmet)
rElec  .         Spirit   .     (no cloak)
rCorr  .         Warding  .     (no gloves)
rMut   .         Stasis   .     n - +0 pair of boots
MR     .....                    (no amulet)
Stlth  ..........               (no ring)
                                (no ring)

@: not resistant to hostile enchantments, extremely unstealthy
A: no striking features
a: no special abilities


You were on level 3 of the Dungeon.
You were hungry.

You visited 1 branch of the dungeon, and saw 3 of its levels.

You collected 89 gold pieces.

Inventory:

Hand weapons
 a - a +0 long sword (weapon)
Missiles
 j - 4 needles of slowing
 k - 32 arrows of dispersal
 q - 7 needles of paralysis
Armour
 c - a +0 shield (worn)
 g - a +2 scale mail of poison resistance (worn)
 n - a +0 pair of boots (worn)
Jewellery
 r - an uncursed ring of positive energy {unknown}
Scrolls
 b - 3 scrolls of identify
Potions
 i - a potion of brilliance
 l - a potion of magic
 m - a potion of heal wounds {unknown}
 o - a potion of poison
 p - a potion of berserk rage {unknown}
Comestibles
 d - 3 bread rations
 f - 2 meat rations


   Skills:
 + Level 3.8 Fighting
 + Level 3.6 Long Blades
 + Level 3.9 Armour
 + Level 3.2 Dodging
 + Level 0.4 Stealth
 + Level 4.2 Shields


You had 6 spell levels left.
You didn't know any spells.

Dungeon Overview and Level Annotations

Branches:
Dungeon (3/15)

Altars:
Nemelex Xobeh
Xom


Message History

The orc hits you but does no damage.
You closely miss the orc. You block the orc's attack.
You block the orc's attack.
You slash the orc!
You kill the orc!
The orc throws a tomahawk.
The tomahawk hits you but does no damage.
An orc priest comes into view. It is wielding a mace.
You closely miss the giant gecko.
The orc priest shouts!
You block the giant gecko's attack.
The giant gecko bites you but does no damage.
You slash the giant gecko!
You kill the giant gecko!
Your shield prevents you from hitting the orc.
The orc hits you with a mace.
* * * LOW HITPOINT WARNING * * *
Your scale mail prevents you from hitting the orc.
The phantom blinks!
The orc hits you but does no damage. The phantom hits you.
You die... ...W. .... ol#

#.# #.#
#.###
#.(o#
###o# #@#
#W# .# #.#
#.# #.# ).
#.## .#
#..###.#
##.##..#
########
#..#.#
#.......
##...#
###.....[.


You could see a phantom, an orc priest and an orc.

Vanquished Creatures
  Grinder (D:3)
  An orc priest (D:3)
  Jessica (D:2)
  4 adders
  2 worms
  An ooze (D:3)
  10 orcs (D:3)
  3 ball pythons
  5 bats
  7 hobgoblins
  7 jackals (D:1)
  2 giant cockroaches (D:1)
  3 giant geckos
  3 giant newts
  9 goblins
  8 kobolds
  6 rats
73 creatures vanquished.

Notes
Turn   | Place    | Note
--------------------------------------------------------------
     0 | D:1      | frag, the Human Fighter, began the quest for the Orb.
     0 | D:1      | Reached XP level 1. HP: 18/18 MP: 1/1
    99 | D:1      | Reached XP level 2. HP: 10/24 MP: 2/2
   442 | D:1      | Reached XP level 3. HP: 15/29 MP: 3/3
   507 | D:1      | Reached skill level 1 in Dodging
  1240 | D:2      | Found a sparkling altar of Nemelex Xobeh.
  1240 | D:2      | Noticed Jessica
  1247 | D:2      | Killed Jessica
  1247 | D:2      | Reached XP level 4. HP: 32/35 MP: 4/4
  1820 | D:2      | Reached XP level 5. HP: 41/41 MP: 5/5
  2107 | D:3      | Found a shimmering altar of Xom.
  2116 | D:3      | Noticed a phantom
  2311 | D:3      | Noticed Grinder
  2315 | D:3      | Paralysed by Grinder for 6 turns
  2344 | D:3      | Killed Grinder
  2344 | D:3      | Reached skill level 4 in Shields
  2344 | D:3      | Reached XP level 6. HP: 19/48 MP: 6/6
  2477 | D:3      | HP: 1/48 [orc priest/divine providence (15)]
  2480 | D:3      | Reached XP level 7. HP: 3/53 MP: 7/7
  2491 | D:3      | Slain by a phantom

Action                   |  1- 3 |  4- 6 |  7- 9 || total
-------------------------+-------+-------+-------++-------
Melee: Long sword        |   132 |   154 |     9 ||   295
  Use: Scroll            |     3 |     1 |       ||     4
       Potion            |     3 |     4 |       ||     7
  Eat: Meat ration       |     1 |       |       ||     1
